 Dungeon Crawl Stone Soup version 0.20-a0-507-gc86f373 (webtiles) character file.

97 ChocoNymphy the Covered (level 4, -10/37 HPs)
             Began as a Barachian Fighter on Jan 22, 2017.
             Mangled by Edmund
             ... wielding a +7 flail of draining
              (11 damage)
             ... on level 3 of the Dungeon.
             The game lasted 00:09:39 (2513 turns).

ChocoNymphy the Covered (Barachian Fighter)         Turns: 2513, Time: 00:09:39

Health: -10/37     AC:  7    Str: 20    XL:     4   Next: 68%
Magic:  4/4        EV:  9    Int: 11    God:
Gold:   118        SH:  4    Dex: 10    Spells: 0/3 levels left

rFire    . . .     SeeInvis .   a - +0 trident
rCold    . . .     Gourm    +   b - +0 scale mail
rNeg     . . .     Faith    .   u - +0 buckler
rPois    .         Spirit   .   (no helmet)
rElec    .         Reflect  .   (no cloak)
rCorr    .         Harm     .   o - +0 pair of gloves
MR       .....                  (no boots)
Stlth    ..........             D - amulet of the gourmand
Regen    0.2/turn               (no ring)
                                (no ring)

@: mighty, brilliant, drained, slow
A: swims, slowness 1, strong legs 1
a: Hop


You were on level 3 of the Dungeon.
You were not hungry.

You visited 1 branch of the dungeon, and saw 4 of its levels.

You collected 118 gold pieces.

Inventory:

Hand Weapons
 a - a +0 trident (weapon)
 h - a +0 hunting sling
Armour
 b - a +0 scale mail (worn)
 o - a +0 pair of gloves (worn)
 u - a +0 buckler (worn)
Jewellery
 s - an uncursed ring of protection from magic {unknown}
 y - a cursed ring of loudness {unknown}
 z - a +4 ring of intelligence {unknown}
 D - an amulet of the gourmand (around neck)
Scrolls
 g - 2 scrolls of remove curse
 k - a scroll of fear {unknown}
 m - a scroll of magic mapping
Potions
 j - a potion of flight {unknown}
 p - a potion of lignification {unknown}
 r - a potion of haste {unknown}
 x - a potion of agility {unknown}
 A - a potion of invisibility {unknown}
Books
 t - a book of Misfortune

   Spells                             Type                      Level
   a - Confusing Touch                Hexes                        1
   b - Confuse                        Hexes                        3
   c - Gell's Gravitas                Hexes/Translocation          3
   d - Petrify                        Transmutation/Earth          4
   e - Metabolic Englaciation         Hexes/Ice                    5
   f - Yara's Violent Unravelling     Hexes/Transmutation          5
 w - a book of Misfortune

   Spells                             Type                      Level
   a - Confusing Touch                Hexes                        1
   b - Confuse                        Hexes                        3
   c - Gell's Gravitas                Hexes/Translocation          3
   d - Petrify                        Transmutation/Earth          4
   e - Metabolic Englaciation         Hexes/Ice                    5
   f - Yara's Violent Unravelling     Hexes/Transmutation          5
Comestibles
 f - 4 bread rations
 l - a meat ration
 v - 2 royal jellies


   Skills:
 + Level 3.7(2.8) Fighting
 + Level 2.8(1.9) Polearms
 + Level 4.0(3.0) Armour
 + Level 1.2(0.3) Dodging
 + Level 3.4(2.4) Shields


You couldn't memorise any spells.
You knew the following spells:

 Your Spells              Type           Power        Failure   Level  Hunger
a - Confuse               Hex            #.......     58%         3    ####...


Dungeon Overview and Level Annotations

Branches:
Dungeon (4/15)
 Temple: D:4-7

Altars:
Ashenzari
Uskayaw

Annotations:
D:3 Edmund


Innate Abilities, Weirdness & Mutations

You can swim through water.
You cover ground slowly.
You can hop short distances.


Message History

You hit the orc.
The orc is heavily wounded.
The orc hits you but does no damage.
You closely miss the orc.
The orc is heavily wounded.
The orc hits you with a flail!
* * * LOW HITPOINT WARNING * * *
Your scale mail prevents you from hitting the orc.
The orc is heavily wounded.
The orc hits you with a flail.
* * * LOW HITPOINT WARNING * * *
You hit the orc.
You kill the orc!
You hit Edmund.
Edmund is lightly wounded.
Edmund barely misses you.
It was a potion of brilliance.
You feel clever all of a sudden.
Edmund hits you with a flail of draining!
You die...

#.........##......###
#...######..........#
#...# #........>...#
##### #.#..........#
#####.#....<.....#
##.....#...###'####
#......##......#
#....#.##@######
#.##.#.##@#
#.##.#....#
#.##.###### #....#
######


You could see Edmund.

Vanquished Creatures
  A worker ant (D:3)
  2 adders (D:3)
  An ooze (D:1)
  3 leopard geckos
  2 orcs (D:3)
  4 giant cockroaches
  3 goblins
  8 hobgoblins
  A jackal (D:1)
  5 bats
  2 frilled lizards (D:2)
  A jackal skeleton (D:4)
  7 kobolds
  6 rats
46 creatures vanquished.

Notes
Turn   | Place    | Note
-------+----------+-------------------------------------------
     0 | D:1      | ChocoNymphy the Barachian Fighter began the quest for the Orb.
     0 | D:1      | Reached XP level 1. HP: 18/18 MP: 1/1
   261 | D:1      | Reached XP level 2. HP: 24/24 MP: 2/2
   620 | D:1      | Reached XP level 3. HP: 19/29 MP: 3/3
  1869 | D:3      | Reached XP level 4. HP: 37/37 MP: 4/4
  2004 | D:3      | Learned a level 3 spell: Confuse
  2047 | D:3      | Found a hide-covered altar of Uskayaw.
  2232 | D:3      | Found a shattered altar of Ashenzari.
  2473 | D:4      | Noticed Edmund
  2482 | D:3      | Reached skill level 4 in Armour
  2482 | D:3      | Reached skill level 1 in Dodging
  2510 | D:3      | HP: 1/37 [orc/flail (6)]
  2513 | D:3      | Mangled by Edmund

Vault maps used:
D:1:      scummos_arrival_hexagon
D:2:      minmay_misc_feat_rows
D:3:      eat_drink_and_be_merry_uskayaw, ashenzari_altar_1
D:4:      first_bread, serial_shops, shop, st_stairs_11, uniq_eustachio,
          uniq_robin, uniq_edmund

Skill      XL: |  1  2  3  4 |
---------------+-------------+-----
Polearms       | 2 |  2.8
Armour         | 4 |  4.0
Dodging        | 1 |  1.2
Fighting       | |  3.7
Shields        | |  3.4

Action                   |  1- 3 |  4- 6 || total
-------------------------+-------+-------++-------
Melee: Trident           |   130 |    37 ||   167
  Use: Scroll            |       |     7 ||     7
       Potion            |       |     2 ||     2
  Eat: Meat ration       |     1 |       ||     1
       Chunk             |       |     1 ||     1
Armor: Scale mail        |    61 |    15 ||    76
Dodge: Dodged            |    55 |    17 ||    72
Block: Shield            |   101 |    13 ||   114
       Buckler           |       |     2 ||     2
